| TOP OF THE 1ST |
|
Summit Red Dragons batting - Pitching for Niagara Falls Rapids : RHP Carlos Montijo
|
|
Pitching: RHP Carlos Montijo
|
|
|
Batting: RHB Christopher Goodyear
|
0-0: Foul Ball, location: 2F 0-1: Ground out 5-3 (Groundball, 56, EV 86.9 MPH)
|
|
Batting: LHB Lou Thornton
|
0-0: Swinging Strike 0-1: Foul Ball, location: 2F 0-2: Ball 1-2: Strikes out swinging
|
|
Batting: SHB Mark T McLemore
|
0-0: Called Strike 0-1: Swinging Strike 0-2: Strikes out swinging
|
| Top of the 1st over - 0 runs, 0 hits, 0 errors, 0 left on base; Summit 0 - Niagara Falls 0 |
| BOTTOM OF THE 1ST |
|
Niagara Falls Rapids batting - Pitching for Summit Red Dragons : RHP Mike Murphy
|
|
Pitching: RHP Mike Murphy
|
|
|
Batting: LHB John Gibbons
|
0-0: Swinging Strike 0-1: SINGLE (Flyball, 8RS, EV 98.1 MPH)
|
|
Batting: LHB Joe Vavra
|
0-0: Ball 1-0: Ball 2-0: Ball 3-0: Base on Balls John Gibbons to second
|
|
Batting: LHB John Rubel
|
0-0: Ball John Gibbons steals 3rd base Joe Vavra to second 1-0: Fly out, F8 (Flyball, 8RXD, EV 80.0 MPH) Runner from 3rd tags up, SCORES, no throw by CF
|
|
Batting: LHB Thomas Krupa
|
0-0: 2-RUN HOME RUN (Flyball, 9LD, EV 103.1 MPH), Distance : 361 ft
|
|
Batting: LHB Brad Winkler
|
0-0: Ball 1-0: Fly out, F8 (Flyball, 8RXD, EV 90.6 MPH)
|
|
Batting: RHB Milo Choate
|
0-0: Swinging Strike 0-1: Ball 1-1: Foul Ball, location: 2F 1-2: Strikes out swinging
|
| Bottom of the 1st over - 3 runs, 2 hits, 0 errors, 0 left on base; Summit 0 - Niagara Falls 3 |
| TOP OF THE 2ND |
|
Summit Red Dragons batting - Pitching for Niagara Falls Rapids : RHP Carlos Montijo
|
|
Batting: RHB Kash Beauchamp
|
0-0: Ball 1-0: Fly out, F3 (Flyball, 34D, EV 83.8 MPH)
|
|
Batting: LHB John Westmoreland
|
0-0: Called Strike 0-1: Ball 1-1: Ground out U3 (Groundball, 3L, EV 102.5 MPH)
|
|
Batting: RHB Dana Williams
|
0-0: Ball 1-0: Called Strike 1-1: Ball 2-1: Called Strike 2-2: Fly out, F7 (Flyball, 78D, EV 82.5 MPH)
|
| Top of the 2nd over - 0 runs, 0 hits, 0 errors, 0 left on base; Summit 0 - Niagara Falls 3 |
| BOTTOM OF THE 2ND |
|
Niagara Falls Rapids batting - Pitching for Summit Red Dragons : RHP Mike Murphy
|
|
Batting: LHB Eric Brock
|
0-0: Called Strike 0-1: Fly out, F8 (Flyball, 89M, EV 92.5 MPH)
|
|
Batting: RHB Frank Wren
|
0-0: Called Strike 0-1: Ball 1-1: Ground out U3 (Groundball, 3, EV 83.8 MPH)
|
|
Batting: RHB Greg Tarnow
|
0-0: Ball 1-0: Swinging Strike 1-1: Foul Ball, location: 2F 1-2: Ball 2-2: Foul Ball, location: 2F 2-2: Ball 3-2: Foul Ball, location: 2F 3-2: Foul Ball, location: 2F 3-2: Fly out, F9 (Flyball, 9LM, EV 93.8 MPH)
|
| Bottom of the 2nd over - 0 runs, 0 hits, 0 errors, 0 left on base; Summit 0 - Niagara Falls 3 |
| TOP OF THE 3RD |
|
Summit Red Dragons batting - Pitching for Niagara Falls Rapids : RHP Carlos Montijo
|
|
Batting: RHB John Smith
|
0-0: Fly out, F9 (Flyball, 9LS, EV 96.9 MPH)
|
|
Batting: RHB Colacito Sanchez
|
0-0: Called Strike 0-1: Ball 1-1: Foul Ball, location: 2F 1-2: Ground out 5-3 (Groundball, 5, EV 81.9 MPH)
|
|
Batting: RHB Kenneth Gordon
|
0-0: Ball 1-0: Foul Ball, location: 2F 1-1: Swinging Strike 1-2: Ball 2-2: Foul Ball, location: 2F 2-2: Strikes out swinging
|
| Top of the 3rd over - 0 runs, 0 hits, 0 errors, 0 left on base; Summit 0 - Niagara Falls 3 |
| BOTTOM OF THE 3RD |
|
Niagara Falls Rapids batting - Pitching for Summit Red Dragons : RHP Mike Murphy
|
|
Batting: LHB John Gibbons
|
0-0: Swinging Strike 0-1: Ball 1-1: Called Strike 1-2: Ball 2-2: Fly out, F6 (Flyball, 56D, EV 80.0 MPH)
|
|
Batting: LHB Joe Vavra
|
0-0: Ball 1-0: Foul Ball, location: 2F 1-1: Ground out U3 (Groundball, 34, EV 98.8 MPH)
|
|
Batting: LHB John Rubel
|
0-0: Called Strike 0-1: Foul Ball, location: 2F 0-2: Ball 1-2: Foul Ball, location: 2F 1-2: SINGLE (Line Drive, 7S, EV 98.1 MPH)
|
|
Batting: LHB Thomas Krupa
|
0-0: Called Strike 0-1: Ball 1-1: Swinging Strike 1-2: Fielders Choice at 2nd, 6-4 (Groundball, 56, EV 98.8 MPH)
|
| Bottom of the 3rd over - 0 runs, 1 hit, 0 errors, 1 left on base; Summit 0 - Niagara Falls 3 |
| TOP OF THE 4TH |
|
Summit Red Dragons batting - Pitching for Niagara Falls Rapids : RHP Carlos Montijo
|
|
Batting: RHB Christopher Goodyear
|
0-0: Foul Ball, location: 2F 0-1: Ground out 6-3 (Groundball, 6, EV 79.4 MPH)
|
|
Batting: LHB Lou Thornton
|
0-0: Called Strike 0-1: Foul Ball, location: 2F 0-2: Strikes out swinging
|
|
Batting: SHB Mark T McLemore
|
0-0: Ball 1-0: Ball 2-0: Ball 3-0: Called Strike 3-1: Base on Balls
|
|
Batting: RHB Kash Beauchamp
|
0-0: Called Strike Mark T McLemore steals 2nd base (no throw) 0-1: Foul Ball, location: 2F 0-2: Ball 1-2: Ground out 6-3 (Groundball, 6, EV 107.5 MPH)
|
| Top of the 4th over - 0 runs, 0 hits, 0 errors, 1 left on base; Summit 0 - Niagara Falls 3 |
| BOTTOM OF THE 4TH |
|
Niagara Falls Rapids batting - Pitching for Summit Red Dragons : RHP Mike Murphy
|
|
Batting: LHB Brad Winkler
|
0-0: Called Strike 0-1: Swinging Strike 0-2: Ball 1-2: DOUBLE (Line Drive, 7LM, EV 99.4 MPH)
|
|
Batting: RHB Milo Choate
|
0-0: Ball 1-0: Called Strike 1-1: Fly out, F9 (Flyball, 9D, EV 105.6 MPH) Runner from 2nd tags up, SAFE at 3rd, no throw by RF
|
|
Batting: LHB Eric Brock
|
0-0: Ball 1-0: Ball 2-0: Foul Ball, location: 2F 2-1: Swinging Strike 2-2: Strikes out swinging
|
|
Batting: RHB Frank Wren
|
0-0: Ball 1-0: Fly out, F4 (Popup, 23, EV 83.8 MPH)
|
| Bottom of the 4th over - 0 runs, 1 hit, 0 errors, 1 left on base; Summit 0 - Niagara Falls 3 |
| TOP OF THE 5TH |
|
Summit Red Dragons batting - Pitching for Niagara Falls Rapids : RHP Carlos Montijo
|
|
Batting: LHB John Westmoreland
|
0-0: Called Strike 0-1: Foul Ball, location: 2F 0-2: Ball 1-2: Strikes out swinging
|
|
Batting: RHB Dana Williams
|
0-0: Ball 1-0: SINGLE (Flyball, 3D, EV 87.5 MPH)
|
|
Batting: RHB John Smith
|
0-0: Ball 1-0: Ball 2-0: Swinging Strike 2-1: Ball 3-1: Foul Ball, location: 2F 3-2: Foul Ball, location: 2F 3-2: Base on Balls Dana Williams to second
|
|
Batting: RHB Colacito Sanchez
|
0-0: Foul Ball, location: 2F 0-1: Swinging Strike 0-2: Ball 1-2: Strikes out swinging
|
|
Batting: RHB Kenneth Gordon
|
0-0: Swinging Strike 0-1: Called Strike 0-2: Ball 1-2: Foul Ball, location: 2F 1-2: Ball 2-2: Foul Ball, location: 2F 2-2: Strikes out swinging
|
| Top of the 5th over - 0 runs, 1 hit, 0 errors, 2 left on base; Summit 0 - Niagara Falls 3 |
| BOTTOM OF THE 5TH |
|
Niagara Falls Rapids batting - Pitching for Summit Red Dragons : RHP Mike Murphy
|
|
Batting: RHB Greg Tarnow
|
0-0: Ball 1-0: Ground out 2-3 (Groundball, 13S, EV 67.5 MPH)
|
|
Batting: LHB John Gibbons
|
0-0: Called Strike 0-1: Ball 1-1: DOUBLE (Line Drive, 89D, EV 107.5 MPH)
|
|
Batting: LHB Joe Vavra
|
0-0: Ground out 1-3 (Groundball, 13, EV 76.3 MPH) John Gibbons to third
|
|
Batting: LHB John Rubel
|
0-0: Called Strike 0-1: SINGLE (Line Drive, 3D, EV 95.0 MPH) John Gibbons scores
|
|
Batting: LHB Thomas Krupa
|
0-0: Called Strike 0-1: Ball 1-1: Foul Ball, location: 2F 1-2: Foul Ball, location: 2F 1-2: Fly out, F8 (Flyball, 78D, EV 83.8 MPH)
|
| Bottom of the 5th over - 1 run, 2 hits, 0 errors, 1 left on base; Summit 0 - Niagara Falls 4 |
| TOP OF THE 6TH |
|
Summit Red Dragons batting - Pitching for Niagara Falls Rapids : RHP Carlos Montijo
|
|
Batting: RHB Christopher Goodyear
|
0-0: Foul Ball, location: 2F 0-1: Ball 1-1: Ball 2-1: Foul Ball, location: 2F 2-2: Fly out, F7 (Flyball, 78D, EV 98.8 MPH)
|
|
Batting: LHB Lou Thornton
|
0-0: Called Strike 0-1: Ball 1-1: Foul Ball, location: 2F 1-2: Strikes out swinging
|
|
Batting: SHB Mark T McLemore
|
0-0: Foul Ball, location: 2F 0-1: Ground out 5-3 (Groundball, 5, EV 83.8 MPH)
|
| Top of the 6th over - 0 runs, 0 hits, 0 errors, 0 left on base; Summit 0 - Niagara Falls 4 |
| BOTTOM OF THE 6TH |
|
Niagara Falls Rapids batting - Pitching for Summit Red Dragons : RHP Mike Murphy
|
|
Batting: LHB Brad Winkler
|
0-0: Foul Ball, location: 2F 0-1: DOUBLE (Line Drive, 8LXD, EV 110.0 MPH)
|
|
Batting: RHB Milo Choate
|
0-0: Ball 1-0: Ball 2-0: Foul Ball, location: 2F 2-1: Called Strike 2-2: Fly out, F8 (Flyball, 78M, EV 95.6 MPH)
|
|
Batting: LHB Eric Brock
|
0-0: Ground out 3-1 (Groundball, 34, EV 87.5 MPH) Brad Winkler to third
|
|
Batting: RHB Frank Wren
|
0-0: Called Strike 0-1: Ball 1-1: Ball 2-1: Swinging Strike 2-2: Ball 3-2: Base on Balls
|
|
Batting: RHB Greg Tarnow
|
0-0: Swinging Strike 0-1: Ball Wild Pitch! Brad Winkler scores Frank Wren to second 1-1: Ball 2-1: Foul Ball, location: 2F 2-2: Ball Wild Pitch! Frank Wren to third 3-2: Strikes out swinging
|
| Bottom of the 6th over - 1 run, 1 hit, 0 errors, 1 left on base; Summit 0 - Niagara Falls 5 |
| TOP OF THE 7TH |
|
Summit Red Dragons batting - Pitching for Niagara Falls Rapids : RHP Carlos Montijo
|
|
Batting: RHB Kash Beauchamp
|
0-0: Called Strike 0-1: Ball 1-1: Swinging Strike 1-2: Ball 2-2: Strikes out looking
|
|
Batting: LHB John Westmoreland
|
0-0: Ball 1-0: Ball 2-0: Called Strike 2-1: Foul Ball, location: 2F 2-2: Ball 3-2: Base on Balls
|
|
Batting: RHB Dana Williams
|
0-0: Foul Ball, location: 2F 0-1: Ball 1-1: Swinging Strike 1-2: Ball 2-2: Strikes out swinging
|
|
Batting: RHB John Smith
|
0-0: Foul Ball, location: 2F 0-1: Called Strike 0-2: Ball 1-2: SINGLE (Groundball, 4MD, EV 107.5 MPH) John Westmoreland to second Runner from 2nd tries for 3rd, SAFE, no throw by CF
|
|
Batting: RHB Colacito Sanchez
|
0-0: Swinging Strike 0-1: Ball 1-1: Ball 2-1: Ball 3-1: Base on Balls John Smith to second
|
|
Batting: RHB Kenneth Gordon
|
0-0: Called Strike 0-1: Foul Ball, location: 2F 0-2: Fly out, F8 (Flyball, 8RS, EV 78.8 MPH)
|
| Top of the 7th over - 0 runs, 1 hit, 0 errors, 3 left on base; Summit 0 - Niagara Falls 5 |
| BOTTOM OF THE 7TH |
|
Niagara Falls Rapids batting - Pitching for Summit Red Dragons : RHP Mike Murphy
|
|
Pitching: RHP John White
|
|
|
Batting: LHB John Gibbons
|
0-0: Ball 1-0: Ball 2-0: Called Strike 2-1: Foul Ball, location: 2F 2-2: Strikes out swinging
|
|
Batting: LHB Joe Vavra
|
0-0: Called Strike 0-1: Foul Ball, location: 2F 0-2: Ground out 1-3 (Groundball, 15S, EV 73.1 MPH)
|
|
Batting: LHB John Rubel
|
0-0: Ball 1-0: Ground out 4-3 (Groundball, 4, EV 86.9 MPH)
|
| Bottom of the 7th over - 0 runs, 0 hits, 0 errors, 0 left on base; Summit 0 - Niagara Falls 5 |
| TOP OF THE 8TH |
|
Summit Red Dragons batting - Pitching for Niagara Falls Rapids : RHP Carlos Montijo
|
|
Batting: RHB Christopher Goodyear
|
0-0: Fly out, F7 (Flyball, 78D, EV 109.4 MPH)
|
|
Batting: LHB Lou Thornton
|
0-0: Called Strike 0-1: Ball 1-1: Ball 2-1: Called Strike 2-2: SINGLE (Groundball, 23, EV 71.3 MPH) (infield hit)
|
|
Batting: SHB Mark T McLemore
|
0-0: SINGLE (Line Drive, 9LS, EV 103.8 MPH) Lou Thornton to second Runner from 2nd tries for 3rd, SAFE, no throw by RF
|
|
Batting: RHB Kash Beauchamp
|
0-0: Ball 1-0: Called Strike 1-1: 3-RUN HOME RUN (Flyball, 8LXD, EV 108.8 MPH), Distance : 448 ft
|
|
Batting: LHB John Westmoreland
|
0-0: Foul Ball, location: 2F 0-1: Called Strike 0-2: Ball 1-2: Ball 2-2: Foul Ball, location: 2F 2-2: Ball 3-2: Fly out, F7 (Flyball, 78M, EV 86.3 MPH)
|
|
Batting: RHB Dana Williams
|
0-0: Ball 1-0: Called Strike 1-1: Ball 2-1: Ball 3-1: Fly out, F8 (Flyball, 78D, EV 85.0 MPH)
|
| Top of the 8th over - 3 runs, 3 hits, 0 errors, 0 left on base; Summit 3 - Niagara Falls 5 |
| BOTTOM OF THE 8TH |
|
Niagara Falls Rapids batting - Pitching for Summit Red Dragons : RHP John White
|
|
Batting: LHB Thomas Krupa
|
0-0: Called Strike 0-1: Ball 1-1: Foul Ball, location: 2F 1-2: Fly out, F8 (Flyball, 78XD, EV 96.3 MPH)
|
|
Batting: LHB Brad Winkler
|
0-0: Ball 1-0: Ground out 3-1 (Groundball, 34S, EV 85.6 MPH)
|
|
Batting: RHB Milo Choate
|
0-0: Fly out, F3 (Flyball, 3D, EV 84.4 MPH)
|
| Bottom of the 8th over - 0 runs, 0 hits, 0 errors, 0 left on base; Summit 3 - Niagara Falls 5 |
| TOP OF THE 9TH |
|
Summit Red Dragons batting - Pitching for Niagara Falls Rapids : RHP Carlos Montijo
|
|
Pitching: RHP Mario Lopez
|
|
|
Batting: RHB John Smith
|
0-0: Ball 1-0: Called Strike 1-1: Foul Ball, location: 2F 1-2: Ball 2-2: Foul Ball, location: 2F 2-2: Foul Ball, location: 2F 2-2: Ball 3-2: Base on Balls
|
|
Pinch Runner at 1st Mark Henderson:
|
|
|
Pinch Hitting: LHB Bob Hausladen
|
0-0: Ball 1-0: Swinging Strike 1-1: Ball 2-1: Foul Ball, location: 2F 2-2: Foul Ball, location: 2F 2-2: Foul Ball, location: 2F 2-2: Grounds into double play, 6-4-3 (Groundball, 6M, EV 100.6 MPH)
|
|
Batting: RHB Kenneth Gordon
|
0-0: Called Strike 0-1: Ball 1-1: Ball 2-1: Swinging Strike 2-2: Strikes out swinging, 2-3 out at first.
|
| Top of the 9th over - 0 runs, 0 hits, 0 errors, 0 left on base; Summit 3 - Niagara Falls 5 |
|